Map: Agria Valley

Players

Nigrnog - Winner!

  • Race: Zerg Zerg
  • League: Silver
  • Spawn Location: 5:00

MooEsqoo

  • Race: Zerg Zerg
  • Spawn Location: 11:00

VOD

Have the link to the VOD?

Description

Time

  • Played on: Dec. 19, 2019, 10:33 a.m.
  • Length: 16:30
Show
View Real Time Build Order
Export as new Build Order

Nigrnog Zerg - Winner!

Build Orders: Hatch First 

Get SALT Encoding   

  12  0:01  Drone  
  13  0:13  Overlord  
  13  0:18  Drone  
  14  0:31  Drone x2  
  16  0:36  Drone  
  17  0:58  Drone  
  17  1:00  Hatchery  
  17  1:03  Drone  
  18  1:06  Extractor  
  18  1:08  Drone  
  18  1:19  Drone  
  19  1:27  Spawning Pool  
  19  1:30  Drone  
  20  1:47  Drone  
  20  1:52  Overlord  
  20  2:13  Drone  
  20  2:14  Queen  
  23  2:17  Zergling x4  
  23  2:18  Queen  
  27  2:23  Metabolic Boost  
  27  2:28  Zergling x2  
  28  2:34  Drone x3  
  31  2:51  Drone  
  32  2:56  Zergling x2  
  32  2:57  Lair  
  32  3:22  Drone  
  32  3:23  Drone x2  
  35  3:33  Overlord x5  
  35  3:41  Overlord  
  35  3:44  Extractor  
  35  4:02  Zergling x2  
  35  4:03  Zergling x14  
  35  4:04  Hatchery  
  38  4:39  Zergling x12  
  44  4:46  Baneling Nest  
  44  4:50  Evolution Chamber  
  42  4:53  Queen  
  42  4:58  Spire  
  43  5:00  Drone  
  44  5:20  Zergling x10, Overlord  
  44  5:21  Zergling x6  
  52  5:46  Infestation Pit  
  51  6:00  Spine Crawler  
  51  6:02  Drone x3, Spine Crawler  
  52  6:07  Drone x2  
  52  6:08  Drone  
  55  6:15  Overlord  
  55  6:20  Extractor  
  55  6:23  Extractor  
  53  6:25  Drone x2  
  53  6:29  Extractor  
  53  6:30  Drone, Queen  
  53  6:31  Drone  
  53  6:32  Extractor  
  57  6:42  Zerg Ground Armor Level 1  
  57  6:46  Hive  
  57  6:56  Drone x8  
  57  7:00  Mutalisk  
  67  7:06  Drone  
  67  7:29  Spine Crawler  
  66  7:42  Spine Crawler  
  66  7:43  Drone x3  
  68  7:57  Drone x3  
  68  7:58  Spine Crawler  
  70  8:02  Corruptor x3  
  77  8:12  Drone  
  77  8:20  Zergling x6  
  80  8:40  Mutalisk x7  
  94  8:48  Mutalisk  
  96  8:58  Drone x3  
  96  9:02  Zerg Flyer Armor Level 1  
  98  9:27  Mutalisk, Corruptor x2  
  104  9:36  Zergling x2  
  105  9:38  Overlord  
  105  9:39  Overlord x4  
  101  10:06  Mutalisk x3  
  101  10:07  Mutalisk x3  
  105  10:48  Mutalisk x3  
  105  10:49  Mutalisk x2  
  113  10:51  Zergling x8  
  113  10:56  Zerg Melee Weapons Level 1  
  89  11:44  Queen  
  89  11:45  Zergling x6  
  89  11:46  Zergling x6, Corruptor, Mutalisk x2  
  89  11:47  Mutalisk x4  
  90  11:52  Zergling x10  
  107  12:13  Zergling x2  
  107  12:14  Zergling x4  
  73  13:02  Mutalisk x6  
  73  13:03  Mutalisk x2  
  89  13:17  Zergling x4  
  91  13:30  Mutalisk x2  
  91  13:32  Hatchery  
  94  13:38  Centrifical Hooks  
  94  13:40  Zergling x8  
  94  13:41  Hatchery  
  97  13:46  Mutalisk  
  99  13:51  Zergling x2  
  100  14:09  Hatchery  
  99  14:12  Adrenal Glands  
  99  14:13  Zerg Melee Weapons Level 2  
  99  14:23  Drone x2  
  99  14:24  Drone x4  
  105  14:44  Mutalisk x3  
  103  15:23  Corruptor  
  103  15:24  Mutalisk, Corruptor x2  
Show
View Real Time Build Order
Export as new Build Order

MooEsqoo Zerg 

Build Orders: Hatch First 

Get SALT Encoding   

  12  0:04  Drone  
  13  0:12  Overlord  
  13  0:18  Drone  
  14  0:36  Drone x2  
  16  0:45  Drone  
  17  1:00  Hatchery  
  17  1:03  Drone x2  
  18  1:15  Drone  
  19  1:19  Extractor  
  19  1:25  Spawning Pool  
  17  1:34  Drone x2  
  19  1:44  Overlord  
  19  1:55  Drone  
  20  2:14  Zergling x4  
  22  2:15  Drone  
  22  2:16  Queen  
  22  2:17  Queen  
  27  2:28  Drone  
  27  2:29  Overlord  
  28  2:42  Zergling x4  
  30  3:11  Metabolic Boost  
  30  3:12  Hatchery  
  29  3:21  Zergling x4  
  29  3:22  Zergling x2, Drone x3  
  35  3:32  Queen x2  
  39  3:48  Baneling Nest  
  38  4:02  Zergling x4  
  39  4:03  Zergling x2, Drone x2  
  39  4:04  Drone x2  
  39  4:05  Overlord  
  39  4:08  Overlord  
  41  4:39  Roach Warren  
  41  4:40  Evolution Chamber x2  
  41  4:41  Lair  
  38  5:01  Queen  
  38  5:03  Queen  
  38  5:06  Drone x2  
  38  5:07  Drone x2  
  45  5:15  Baneling x3  
  45  5:16  Baneling  
  45  5:17  Baneling  
  45  5:21  Drone x2  
  47  5:32  Zergling x4  
  47  5:33  Zergling x4  
  51  5:36  Drone  
  51  5:37  Drone  
  53  5:46  Roach x2  
  57  6:18  Extractor x2  
  56  6:22  Zerg Ground Armor Level 1, Zerg Missile Weapons Level 1, Extractor  
  54  6:29  Drone x2  
  54  6:30  Drone x7  
  54  6:31  Drone  
  64  6:33  Overlord x3  
  64  6:54  Drone x5  
  66  6:55  Drone x3  
  72  7:05  Extractor  
  72  7:07  Extractor  
  62  7:36  Roach x5  
  62  7:37  Roach  
  74  7:42  Glial Reconstitution  
  74  8:00  Drone x5  
  74  8:01  Drone  
  80  8:07  Ravager x2  
  79  8:40  Roach x2  
  83  8:42  Overlord x6  
  83  8:59  Queen x2  
  83  9:02  Roach x3  
  93  9:03  Roach x3  
  93  9:09  Zerg Missile Weapons Level 2  
  99  9:12  Zerg Ground Armor Level 2  
  99  9:35  Spire  
  98  9:38  Spire  
  100  9:45  Ravager x3  
  100  9:46  Ravager x5  
  96  10:41  Queen x2  
  100  10:47  Corruptor x5  
  109  10:54  Roach  
  108  11:13  Corruptor x3  
  94  11:47  Corruptor x3  
  94  11:52  Drone  
  94  11:53  Drone x4  
  103  12:21  Queen x2  
  99  12:29  Corruptor  
  94  12:30  Corruptor x3  
  98  12:43  Corruptor  
  90  12:56  Queen  
  90  12:57  Queen  
  90  13:07  Drone x2  
  92  13:13  Overlord  
  92  13:32  Ravager x3  
  92  13:33  Ravager x3  
  98  14:14  Drone x5  
  98  14:15  Drone  
  104  14:27  Overlord x2  
  104  14:28  Corruptor  
  104  14:50  Drone x3  
  104  14:51  Drone x3  
  109  15:27  Corruptor x2  
  109  15:28  Corruptor x2  
  111  15:49  Corruptor x2  
Tags
 
League
Silver
Matchup
ZvZ
Race
Zerg
Spawn Locations
Cross Positions
Add a new tag
Caveats
  • Supply blocks, unpowered buildings, or Contaminate may cause inaccurate times.
  • Supply counts are checked every 10 seconds.